[Event "*** Titled Tuesday Blitz"]
[Site "Chess.com"]
[Date "2020.05.05"]
[Round "8"]
[White "CarlssonLudvig"]
[Black "queen_iryna"]
[Result "1-0"]
[WhiteElo "2451"]
[BlackElo "2292"]
[TimeControl "180+1"]
[EndTime "11:36:13 PDT"]
[Termination "CarlssonLudvig won by resignation"]

1. e4 d6 2. d4 Nf6 3. Nc3 e5 4. Nf3 Nbd7 5. Bc4 Be7 6. O-O O-O 7. Re1 c6 8. a4 h6 9. h3 Re8 10. Be3 Bf8 11. a5 exd4 12. Nxd4 Ne5 13. Bb3 c5 14.
Nf5 Bxf5 15. exf5 Rc8 16. f4 Nc6 17. a6 b6 18. Nd5 Nxd5 19. Bxd5 Qf6 20. Bxc6 Rxc6 21.
Qd5 Rc7 22. c3 Rce7 23. Bf2 Rxe1+ 24. Rxe1 Rxe1+ 25. Bxe1 Qe7 26. Kf1 Qe3 27. Qc4 Qe7 28. Bd2 Qd7 29. Qd3 Qc8 30. c4 Qxa6 31. f6 Qa1+ 32.
Kf2 Qxb2 33. fxg7 Qxg7 34. f5 Qd4+ 35. Qxd4 cxd4 36. Kf3 Bg7 37. Ke4 a5 38. Bc1 a4 39.
Ba3 Be5 40. g4 Kf8 41. h4 Ke7 42.
g5 hxg5 43. hxg5 Kf8 44. Bb2 Ke7 45. Ba3 Kd7 46. Bb2 Kc6 47. Bxd4 Bxd4 48. Kxd4 Kd7 49.
Kc3 d5 50. cxd5 b5 51. g6 fxg6 52. fxg6 Ke7 53. Kb4 Kf6 54. d6 Kxg6 55. d7 1-0

[Event "*** Titled Tuesday Blitz"]
[Site "Chess.com"]
[Date "2020.05.05"]
[Round "8"]
[White "SlavenPastar"]
[Black "IMinTheWings"]
[Result "1-0"]
[WhiteElo "2357"]
[BlackElo "2181"]
[TimeControl "180+1"]
[EndTime "11:36:13 PDT"]
[Termination "SlavenPastar won by checkmate"]

1. e4 g6 2. d4 Bg7 3. c4 c5 4. d5 d6 5. Bd3 Nf6 6. Ne2 O-O 7. Nbc3 a6 8. O-O e6 9. h3 exd5 10. exd5 Nbd7 11. f4 Re8 12. a4 b6 13. Ng3 Rb8 14. Qf3 Qc7 15. Bd2 Bb7 16. Rfe1 Nf8 17. Kh2 N6d7 18. Nge4 h6 19. Nf2 Ba8 20. Qg4 f5 21. Qh4 Nf6 22. g4 fxg4 23. hxg4 b5 24. axb5 axb5 25. Nxb5 Rxb5 26. cxb5 Rxe1 27. Rxe1 Nxd5 28.
Bc4 Kh7 29. g5 h5 30. f5 Qf7 31. f6 Bh8 32. Re7 Qxe7 33. fxe7 Nxe7 34. Bc3 Nf5 35. Qf4 Bxc3 36. bxc3 Kg7 37. Ne4 d5 38. Qe5+ Kg8 39.
Nf6+ Kh8 40. Nxh5+ Kh7 41. Qc7+ Kh8 42. Qb8 Kg8 43.
Qxa8 dxc4 44. Nf6+ Kf7 45. Qb7+ Ne7 46. Nd5 Ke6 47.
Qxe7+ Kxd5 48. Qxf8 Ke4 49. Qf6 Kd3 50. b6 Kc2 51. b7 Kc1 52. b8=Q Kc2 53. Qf2+ Kc1 54. Qbb2+ Kd1 55. Qa1# 1-0

[Event "*** Titled Tuesday Blitz"]
[Site "Chess.com"]
[Date "2020.05.05"]
[Round "8"]
[White "Walter_White_Poland"]
[Black "Kaponov"]
[Result "1-0"]
[WhiteElo "2161"]
[BlackElo "2058"]
[TimeControl "180+1"]
[EndTime "11:36:13 PDT"]
[Termination "Walter_White_Poland won on time"]

1. e4 e6 2. d4 d5 3. Nc3 Nf6 4. Bg5 dxe4 5. Nxe4 Be7 6. Bxf6 Bxf6 7. Nf3 Nd7 8. Qd2 Qe7 9. O-O-O b6 10. Bb5 Bb7 11.
Nxf6+ gxf6 12. Qc3 O-O-O 13. Rhe1 Qd6 14. g3 Nb8 15. Be2 Qd5 16. Kb1 Nc6 17. a3 Qa5 18. Qxa5 Nxa5 19. b3 Rd6 20. Kc1 Rhd8 21. Ng1 Rxd4 22. Rxd4 Rxd4 23. Bd3 h6 24. Ne2 Rd6 25.
Nf4 Nc6 26. Nh5 e5 27. Bf5+ Kd8 28. c3 Ne7 29. Ng7 Bc8 30. Bxc8 Kxc8 31. Re3 Kd7 32.
Kc2 Nd5 33. Rf3 Rc6 34. c4 b5 35. Rd3 bxc4 36. Rxd5+ Ke7 37. Ra5 cxb3+ 38. Kxb3 Kf8 39. Nf5 Rb6+ 40. Kc3 Rc6+ 41. Kd3 a6 42. Ra4 Ke8 43.
Nxh6 Rb6 44. Nf5 Rb2 45. Ke3 Rb3+ 46. Ke2 Rb2+ 47. Kf3 Kd7 48. h4 Ke6 49. g4 e4+ 50.
Ke3 1-0

[Event "*** Titled Tuesday Blitz"]
[Site "Chess.com"]
[Date "2020.05.05"]
[Round "8"]
[White "stoleriu"]
[Black "ErikRonka"]
[Result "1-0"]
[WhiteElo "2564"]
[BlackElo "2425"]
[TimeControl "180+1"]
[EndTime "11:36:14 PDT"]
[Termination "stoleriu won by resignation"]

1. e4 c6 2. Nc3 d5 3. d4 dxe4 4. Nxe4 Bf5 5. Ng3 Bg6 6. h4 h6 7. Nf3 Nd7 8. h5 Bh7 9. Bd3 Bxd3 10. Qxd3 e6 11. Bd2 Qc7 12. O-O-O Ngf6 13. Qe2 O-O-O 14.
Ne5 Nxe5 15. dxe5 Nd7 16. f4 Be7 17. Be3 Kb8 18. Ne4 Nb6 19. c4 c5 20. b3 Qc6 21.
Qf3 Nc8 22. Rxd8 Rxd8 23. Rd1 Rxd1+ 24. Kxd1 Kc7 25. Kc2 b5 26. cxb5 Qxb5 27. Nc3 Qc6 28.
Qxc6+ Kxc6 29. g4 Nb6 30. Kd3 Nd5 31. Bd2 Nb6 32. g5 Bf8 33. Ne4 Nd5 34. Nf2 Kb5 35. Ng4 Ne7 36. a4+ Kc6 37. Ne3 Nd5 38. Nc4 Nc7 39.
Be3 Na6 40. Ke4 Nb4 41. gxh6 gxh6 42. f5 exf5+ 43. Kxf5 Nd3 44. Kf6 Kd7 45. Kxf7 Be7 46. Bxh6 Nf2 47. e6+ Kd8 48. Ne5 Ne4 49. Nc6+ Kc7 50.
Nxe7 1-0

[Event "*** Titled Tuesday Blitz"]
[Site "Chess.com"]
[Date "2020.05.05"]
[Round "8"]
[White "MathiasWomacka"]
[Black "MightyGMpretender"]
[Result "0-1"]
[WhiteElo "2446"]
[BlackElo "2580"]
[TimeControl "180+1"]
[EndTime "11:36:15 PDT"]
[Termination "MightyGMpretender won on time"]

1. e4 c5 2. Nf3 d6 3. d4 cxd4 4. Nxd4 Nf6 5. Nc3 a6 6. Be2 e5 7. Nb3 Be7 8. O-O O-O 9. Qd3 Be6 10. Bd2 Nbd7 11. Nd5 Rc8 12. c4 Re8 13. Rac1 Bf8 14. Be3 a5 15. f3 a4 16. Nd2 Nc5 17. Qb1 Nxd5 18. cxd5 Bd7 19. b4 axb3 20. axb3 Be7 21. b4 Bg5 22. Bxg5 Qxg5 23. f4 exf4 24. bxc5 dxc5 25.
Qxb7 Bh3 26. Bf3 Rb8 27. Qa7 Rb2 28. Rf2 c4 29. Qd4 Reb8 30. Nxc4 Rb1 31. Rxb1 Rxb1+ 32. Rf1 Rb8 33. e5 Bd7 34. Nd6 h5 35. Ne4 Qg6 36. Nc5 Qb6 37. Qf2 Bf5 38. Bxh5 g6 39. Bf3 Rc8 40. Ne4 Qb4 41. Nd6 Rc2 42. Qh4 Qd4+ 43.
Kh1 Bd3 44. Qd8+ Kg7 45. Ne8+ Kf8 46. Nf6+ Kg7 47. Qg8+ Kh6 48. Qh7+ Kg5 0-1

[Event "*** Titled Tuesday Blitz"]
[Site "Chess.com"]
[Date "2020.05.05"]
[Round "8"]
[White "WastefulJustice"]
[Black "mshuaau0"]
[Result "1-0"]
[WhiteElo "2366"]
[BlackElo "2130"]
[TimeControl "180+1"]
[EndTime "11:36:15 PDT"]
[Termination "WastefulJustice won by resignation"]

1. e4 e5 2. Nf3 Nc6 3. Bc4 Nf6 4. O-O Be7 5. Re1 O-O 6. Nc3 d6 7. a3 a6 8. h3 Be6 9. Bxe6 fxe6 10. d4 exd4 11.
Nxd4 Nxd4 12. Qxd4 e5 13. Qc4+ Kh8 14. Bg5 h6 15.
Bxf6 Bxf6 16. Rad1 Qe8 17. Qxc7 Bh4 18. Re2 Qh5 19. Qxb7 Rae8 20. Qxa6 Re6 21. Rxd6 Re7 22. Qd3 Ref7 23. f3 Rxf3 24. gxf3 Rxf3 25. Rg2 Rxd3 26. Rxd3 Bg5 27. a4 Qh4 28. Rf2 Bf4 29. a5 Qg5+ 30.
Rg2 Qh4 31. Kf1 Qf6 32. Rf2 Qa6 33. Nd5 g5 34. b4 Qc4 35. Nxf4 gxf4 36. Re2 Qxb4 37.
a6 Qa5 38. Rd6 Kg7 39. Rg2+ Kf7 40. Rgg6 Qb5+ 41. Kf2 Qc5+ 42. Kf3 Qe3+ 43. Kg4 Qg3+ 44. Kf5 Qxh3+ 45. Kxe5 f3 46. Rdf6+ Ke7 47. a7 Qg3+ 48. Rxg3 h5 49. Rg7+ Kd8 1-0

[Event "*** Titled Tuesday Blitz"]
[Site "Chess.com"]
[Date "2020.05.05"]
[Round "8"]
[White "RianKapriaga"]
[Black "Xeniya2005"]
[Result "0-1"]
[WhiteElo "2139"]
[BlackElo "2285"]
[TimeControl "180+1"]
[EndTime "11:36:15 PDT"]
[Termination "Xeniya2005 won on time"]

1. d4 Nf6 2. Nf3 d5 3. Bf4 c5 4.
e3 Nc6 5. Nbd2 Qb6 6. dxc5 Qxb2 7. c4 dxc4 8. Nxc4 Qc3+ 9. Nfd2 e5 10. Bg3 Be6 11. Rc1 Qb4 12. Be2 Rd8 13. Nd6+ Bxd6 14. cxd6 Rxd6 15. Qc2 O-O 16. a3 Qa5 17. Qc3 Qxc3 18.
Rxc3 Rfd8 19. Nf3 Ne4 20. Rc1 Nxg3 21. hxg3 e4 22. Ng5 Bf5 23. O-O h6 24. Nh3 Rd2 25.
Bb5 Ne5 26. Rc5 R2d5 27. Rxd5 Rxd5 28. a4 Bxh3 29. gxh3 a6 30. Be2 Kf8 31. Rb1 Rd7 32.
Kg2 Ke7 33. a5 Nc6 34. Bg4 Rc7 35. Rb4 Nxb4 36. Be2 Rc2 37. Bf1 Nd3 38. Bxd3 exd3 39. Kf3 Rc1 40. e4 d2 0-1

[Event "*** Titled Tuesday Blitz"]
[Site "Chess.com"]
[Date "2020.05.05"]
[Round "8"]
[White "Titus369"]
[Black "Morshynska"]
[Result "0-1"]
[WhiteElo "2484"]
[BlackElo "2144"]
[TimeControl "180+1"]
[EndTime "11:36:15 PDT"]
[Termination "Morshynska won by resignation"]

1. e4 Nc6 2. d4 d6 3. Nf3 g6 4.
h3 Bg7 5. Nc3 Nf6 6. Bc4 e6 7.
Qe2 O-O 8. Bg5 h6 9. Bd2 d5 10.
exd5 exd5 11. Bd3 Re8 12. Be3 Ne4 13. O-O f5 14. Nxd5 Kh7 15. c4 Be6 16. Nf4 Nxd4 17.
Nxd4 Bxd4 18. Bxe4 fxe4 19. Rad1 c5 20. b4 b6 21. bxc5 bxc5 22. Qd2 Bxc4 23. Rfe1 g5 24. Nh5 Kg6 25. Ng3 Bd3 26. Bxd4 Qxd4 27. Qa5 Rf8 28.
Re3 Rxf2 29. Rdxd3 exd3 30. Qa6+ Rf6 31. Qxd3+ Qxd3 32. Rxd3 c4 33. Rc3 Rc6 34. Ne4 Rb8 35. Kf2 Rb2+ 36.
Ke3 Rxa2 37. Nd2 Ra5 38. Nf3 Rac5 39. Kd4 Rc8 40. Ne5+ Kg7 41. Nxc4 Rxc4+ 42. Rxc4 Rxc4+ 43. Kxc4 Kf6 44. Kb5 Ke5 45. g3 Ke4 46. Ka6 Kf3 47. h4 Kxg3 48. hxg5 hxg5 49. Kxa7 g4 50. Kb6 Kf3 51.
Kc5 g3 52. Kd4 g2 53. Kd3 g1=Q 54. Kd2 Qe3+ 55. Kc2 Qd4 0-1

[Event "*** Titled Tuesday Blitz"]
[Site "Chess.com"]
[Date "2020.05.05"]
[Round "8"]
[White "Volodar_Murzin"]
[Black "rasmussvane"]
[Result "0-1"]
[WhiteElo "2642"]
[BlackElo "2866"]
[TimeControl "180+1"]
[EndTime "11:36:16 PDT"]
[Termination "rasmussvane won on time"]

1. Nf3 d5 2. g3 g6 3. Bg2 Bg7 4. O-O e5 5. d3 Ne7 6. Nbd2 O-O 7. e4 Nbc6 8. Re1 h6 9. a4 a5 10. exd5 Nxd5 11. Nc4 Re8 12. Bd2 Bf5 13. h4 Qd7 14. Qc1 Kh7 15. Nh2 Ndb4 16. Ne3 Be6 17. Qd1 Rad8 18. h5 g5 19. g4 Kg8 20. Be4 Nd5 21. Nxd5 Bxd5 22. Nf1 Bxe4 23. Rxe4 f5 24. gxf5 Qxf5 25. Ng3 Qf7 26. Be3 Nb4 27. Qd2 Rf8 28. Re1 b6 29. Qe2 c5 30. Bc1 Rde8 31. c3 Nd5 32.
Nh1 Kh8 33. Be3 Nf4 34. Bxf4 gxf4 35. Qf3 Rg8 36. Kf1 Qd7 37. Ke2 Qe6 38. c4 Qd7 39. b3 Bf6 40. Kd2 Re7 41. Kc2 Rg5 42. Ng3 fxg3 43. Qxf6+ Kh7 44. fxg3 Rf7 45. Qxb6 Rxg3 46. R4e3 Rf2+ 47. Kc1 Qd4 0-1

[Event "*** Titled Tuesday Blitz"]
[Site "Chess.com"]
[Date "2020.05.05"]
[Round "8"]
[White "IwkooO"]
[Black "Bodnar_Mykola"]
[Result "1-0"]
[WhiteElo "2576"]
[BlackElo "2445"]
[TimeControl "180+1"]
[EndTime "11:36:16 PDT"]
[Termination "IwkooO won by resignation"]

1. e4 e5 2. Nf3 Nc6 3. Bb5 a6 4. Ba4 Nf6 5. O-O b5 6. Bb3 Be7 7. Re1 O-O 8. h3 d6 9. c3 Na5 10. Bc2 c5 11. d4 Qc7 12. Nbd2 Bd7 13. d5 c4 14. Nf1 Rfe8 15. g4 g6 16. Ng3 Bf8 17. g5 Nh5 18. Nxh5 gxh5 19. Kh2 Qc8 20. Ng1 h4 21. Qh5 Bg7 22. Qxh4 Rf8 23. Ne2 f6 24. Rg1 fxg5 25. Bxg5 Kh8 26. Rg2 Rf7 27. Rag1 Qf8 28. Be3 Nb7 29. Ng3 Bf6 30. Qh5 Qe7 31. Qe2 Rg8 32.
Nh5 Rxg2+ 33. Rxg2 Bh4 34. Bh6 Nc5 35. Bg7+ Rxg7 36.
Rxg7 Qxg7 37. Nxg7 Kxg7 38. b4 cxb3 39. axb3 Bg5 40. b4 Bf4+ 41. Kg2 Nb7 42. Bd1 Nd8 43. Qh5 Nf7 44. Bg4 Be8 45. Qf5 Ng5 46. Qc8 Bg6 47.
f3 h5 48. Bf5 Bf7 49. Qxa6 Be3 50. Qxb5 h4 51. Qd7 Kf6 52. Qxd6+ Kg7 53. Qxe5+ Kf8 54. d6 1-0

[Event "*** Titled Tuesday Blitz"]
[Site "Chess.com"]
[Date "2020.05.05"]
[Round "8"]
[White "Fandorine"]
[Black "LPSupi"]
[Result "1-0"]
[WhiteElo "2829"]
[BlackElo "2911"]
[TimeControl "180+1"]
[EndTime "11:36:17 PDT"]
[Termination "Fandorine won on time"]

1. e4 c5 2. Nf3 e6 3. g3 Nc6 4.
Bg2 Nf6 5. Qe2 Be7 6. e5 Nd5 7. c4 Ndb4 8. d3 d5 9. a3 dxc4 10. axb4 cxd3 11. Qd1 Nxb4 12. O-O O-O 13. Nc3 Bd7 14.
Ne1 Bc6 15. Bxc6 Nxc6 16. Qxd3 Qxd3 17. Nxd3 c4 18. Nf4 Nxe5 19. Kg2 a6 20. Re1 Nc6 21. Be3 b5 22. Ne4 Rfd8 23. Bb6 Rdb8 24. Bc5 Bxc5 25. Nxc5 a5 26. Red1 Rd8 27. Rxd8+ Rxd8 28. Nb7 Rd7 29.
Nxa5 Ra7 30. b4 Nxb4 31. Rb1 Rxa5 32. Rxb4 Kf8 33. Ne2 Ke7 34. Nc3 Kd6 35. Rxb5 Rxb5 36. Nxb5+ Kc5 37. Nc3 Kd4 38. Na2 Kd3 39. Kf3 Kd2 40.
Ke4 c3 41. Ke5 c2 42. Kd6 c1=Q 43. Nxc1 Kxc1 44. Ke7 Kd2 45. Kxf7 Ke2 46. f4 Kf3 47. Kxg7 Kg2 48. Kxh7 e5 49. fxe5 1-0

[Event "*** Titled Tuesday Blitz"]
[Site "Chess.com"]
[Date "2020.05.05"]
[Round "8"]
[White "ozates"]
[Black "LuckSlayeer"]
[Result "1/2-1/2"]
[WhiteElo "2396"]
[BlackElo "2509"]
[TimeControl "180+1"]
[EndTime "11:36:17 PDT"]
[Termination "Game drawn by repetition"]

1. e4 c5 2. Nf3 Nc6 3. Bb5 g6 4. Bxc6 bxc6 5. O-O Bg7 6. Re1 e5 7. c3 Ne7 8. d4 cxd4 9. cxd4 exd4 10. Nxd4 O-O 11.
Nc3 Rb8 12. Nb3 d5 13. Bf4 Rb7 14. exd5 Nxd5 15. Nxd5 cxd5 16. Qd2 d4 17. Rad1 Rd7 18. Bh6 Bxh6 19. Qxh6 Re8 20. Rxe8+ Qxe8 21. h3 d3 22. Nc5 Qe2 23. Qd2 Rd5 24. Nb3 Bf5 25. Nc1 Qxd2 26.
Rxd2 Rc5 27. Nb3 Rc2 28. Kh2 Kf8 29. g4 Be4 30. Kg3 g5 31. f3 Bg6 32. Kf2 Ke7 33. Ke3 Rc6 34. Nd4 Ra6 35. a3 Rd6 36. Nf5+ Bxf5 37. gxf5 Kf6 38. Rxd3 Rxd3+ 39. Kxd3 Kxf5 40.
b4 Kf4 41. a4 Kxf3 42. b5 f5 43. a5 g4 44. b6 axb6 45. a6 g3 46. a7 g2 47.
a8=Q+ Kf2 48. Qa2+ Kg3 49. Qa1 Kh2 50. Qe5+ Kh1 51.
Qd5 Kh2 52. Qe5+ Kh1 53. Qd5 Kh2 54. Qe5+ 1/2-1/2

[Event "*** Titled Tuesday Blitz"]
[Site "Chess.com"]
[Date "2020.05.05"]
[Round "8"]
[White "Sesleria"]
[Black "coalescenet"]
[Result "1-0"]
[WhiteElo "2065"]
[BlackElo "2248"]
[TimeControl "180+1"]
[EndTime "11:36:17 PDT"]
[Termination "Sesleria won on time"]

1. e4 c6 2. c4 d5 3. cxd5 cxd5 4. exd5 Nf6 5. Nc3 Nxd5 6. Bc4 e6 7. Nf3 Be7 8. O-O O-O 9. d4 Bf6 10. Re1 Nc6 11. Ne4 Nb6 12. Nxf6+ Qxf6 13. Bd3 g6 14. Bg5 Qg7 15. Be4 f6 16. Be3 Rd8 17. Qb3 Na5 18.
Qc3 Nac4 19. Bf4 Bd7 20. b3 Na3 21. Qc5 Qf8 22. Qxf8+ Kxf8 23. Bd6+ Kg7 24. Bxa3 Be8 25. Bxb7 Rab8 26. Be4 Bf7 27. Rac1 Rd7 28. Rc6 Nc8 29. Rec1 Ne7 30. Bxe7 Rxe7 31. Rc7 Rbe8 32. h3 h6 33. Bd3 Kf8 34. Bb5 Rxc7 35. Rxc7 Rb8 36. a4 a6 37. Bc4 Rb6 38. Nd2 Be8 39. Rc8 Ke7 40. Ne4 Bd7 41. Rc7 Kd8 42. Ra7 f5 43. Nc5 Bc8 44. f4 g5 45. g3 Rd6 46. Ra8 Kc7 47.
Rxc8+ Kxc8 48. Nxe6 a5 49. Kf2 gxf4 50. gxf4 Kd7 51.
Ke3 Ke7 52. d5 Rb6 53. Kd4 Rb8 54. Ke5 Rg8 55. d6+ Ke8 56. Nc7+ Kf8 57. Bxg8 Kxg8 58. d7 1-0

[Event "*** Titled Tuesday Blitz"]
[Site "Chess.com"]
[Date "2020.05.05"]
[Round "8"]
[White "Gulkov_Igor"]
[Black "TST2014"]
[Result "1-0"]
[WhiteElo "2432"]
[BlackElo "2531"]
[TimeControl "180+1"]
[EndTime "11:36:18 PDT"]
[Termination "Gulkov_Igor won on time"]

1. Nf3 Nf6 2. c4 g6 3. Nc3 Bg7 4.
e4 d6 5. d4 O-O 6. Be2 e5 7. Be3 Ng4 8. Bg5 f6 9. Bh4 Nc6 10. d5 Ne7 11. Nd2 Nh6 12. f3 f5 13.
b4 Bf6 14. Bf2 f4 15. c5 g5 16. Nc4 Ng6 17. cxd6 cxd6 18. Nb5 Nf7 19. Nxa7 Bd7 20. Nb6 Rxa7 21. Nxd7 Ra3 22. Nxf8 Qxf8 23. Qc1 Qa8 24. Qb2 Bd8 25. O-O h5 26. Rfc1 Nh6 27. Rc3 Rxc3 28. Qxc3 g4 29. a3 g3 30. hxg3 fxg3 31. Bxg3 h4 32.
Bf2 Nf4 33. Bf1 Be7 34. Rc1 Kf7 35. Qb3 Qg8 36. Kh2 b5 37. Rc7 Kf6 38. Bxh4+ Kg6 39.
Rxe7 Kh5 40. g3 Ng6 41. Re6 Nxh4 42. Rxh6+ Kxh6 43. Qe3+ Kh5 44. gxh4 Qg6 45. Qg5+ Qxg5 46. hxg5 Kxg5 47. Kg3 1-0

[Event "*** Titled Tuesday Blitz"]
[Site "Chess.com"]
[Date "2020.05.05"]
[Round "8"]
[White "ChessBitl"]
[Black "Maksimus1998"]
[Result "0-1"]
[WhiteElo "2306"]
[BlackElo "2470"]
[TimeControl "180+1"]
[EndTime "11:36:18 PDT"]
[Termination "Maksimus1998 won on time"]

1. e4 c5 2. Nf3 Nc6 3. d4 cxd4 4. Nxd4 Qb6 5. Nb3 Nf6 6. Be3 Qc7 7. N1d2 a6 8. c3 e6 9. Be2 d5 10. exd5 Nxd5 11. Bc5 Bxc5 12. Nxc5 O-O 13. O-O b6 14. Ncb3 Bb7 15. Bf3 Rad8 16. Qc2 Ne5 17. Nd4 Nb4 18. Qb3 Nxf3+ 19. N2xf3 Nd3 20. Rad1 Nf4 21. Rfe1 e5 22. Rxe5 Nxg2 23. Rg5 Nf4 24. Rg3 Ng6 25. Re1 Rfe8 26. Qd1 Qf4 27. Rxe8+ Rxe8 28. Qd2 h5 29. h3 Qxd2 30.
Nxd2 Re1+ 31. Nf1 Nf4 32. Re3 Rxe3 33. Nxe3 Nxh3+ 34. Kh2 Nxf2 35. Nef5 g6 36. Nd6 Ba8 37. b4 Ne4 38. Nxe4 Bxe4 39. c4 Kf8 40. Kg3 Ke7 41. Kf4 Bh1 42. c5 bxc5 43. bxc5 f6 44. a4 Bd5 45. a5 h4 46. Kg4 g5 47. Nf5+ Kd7 48. Nd4 Be6+ 49. Kf3 g4+ 50. Kf4 h3 51. Kg3 f5 52.
c6+ Ke7 53. c7 Bc8 54. Nc6+ Kd6 0-1

[Event "*** Titled Tuesday Blitz"]
[Site "Chess.com"]
[Date "2020.05.05"]
[Round "8"]
[White "Manukyan_Artak"]
[Black "EfrenRamos1"]
[Result "0-1"]
[WhiteElo "2321"]
[BlackElo "2192"]
[TimeControl "180+1"]
[EndTime "11:36:18 PDT"]
[Termination "EfrenRamos1 won by resignation"]

1. e4 c6 2. d4 d5 3. e5 c5 4. dxc5 e6 5. a3 Bxc5 6. b4 Bb6 7. c4 dxc4 8. Qxd8+ Kxd8 9. Bb2 Nc6 10. Nf3 Nge7 11. Bxc4 Ng6 12. Nbd2 Ke7 13. Ne4 Rd8 14. O-O Nd4 15. Nd6 Nxf3+ 16. gxf3 Bd7 17. Nxb7 Rdc8 18. Nd6 Rc7 19. Ba6 Nh4 20. Rfc1 Nxf3+ 21. Kg2 Nh4+ 22. Kg3 Ng6 23. f4 Rxc1 24. Rxc1 Be3 25. Rc4 f6 26. Kf3 Bb6 27. Nc8+ Bxc8 28. Rxc8 Rxc8 29. Bxc8 fxe5 30. fxe5 Bc7 31. Ke4 Nh4 32. a4 Nf5 33. b5 Kf7 34.
Bc3 Ne7 35. Bd7 Nd5 36. Bd2 Nb6 37. a5 Nxd7 38. Bc3 Nc5+ 39. Kd4 Nb3+ 40. Kc4 Nxa5+ 41. Kc5 Bb6+ 42. Kd6 Nb7+ 43. Kd7 Nc5+ 44. Kc6 Ne4 45. Bb4 g5 46. Bd6 g4 47. Bb8 h5 48.
Kb7 Nc5+ 49. Kc6 Na4 50. Kb7 h4 51. Bxa7 Bxa7 52. Kxa7 g3 53. hxg3 hxg3 54. Ka6 g2 55.
Ka5 g1=Q 0-1

[Event "*** Titled Tuesday Blitz"]
[Site "Chess.com"]
[Date "2020.05.05"]
[Round "8"]
[White "sergeikim"]
[Black "Arjun2002"]
[Result "0-1"]
[WhiteElo "2473"]
[BlackElo "2643"]
[TimeControl "180+1"]
[EndTime "11:36:19 PDT"]
[Termination "Arjun2002 won on time"]

1. d4 d5 2. c4 c6 3. Nf3 Nf6 4. Qc2 g6 5. e3 Bg7 6. Bd3 O-O 7.
Nbd2 c5 8. dxc5 Na6 9. a3 Nxc5 10. Be2 Bf5 11. Qd1 Nd3+ 12. Kf1 Rc8 13. Nd4 Nxc1 14.
Rxc1 Bd7 15. cxd5 Rxc1 16. Qxc1 Nxd5 17. Kg1 Bxd4 18. exd4 Bc6 19. Nf3 Nf6 20. h3 Qd6 21. Qc5 Qf4 22. Qe5 Nd5 23. Qxf4 Nxf4 24. Bd1 Rd8 25. g3 Ne6 26. Kh2 Nxd4 27. Kg2 Nxf3 28. Bxf3 Bxf3+ 29. Kxf3 Rd2 30. Rb1 f5 31. h4 Kf7 32. Ke3 Rc2 33. a4 h6 34. b4 b6 35.
a5 Ra2 36. axb6 axb6 37. Rc1 Rb2 38. Rc4 b5 39. Rd4 Kf6 40. f4 e6 41. Kf3 Rb3+ 42. Kf2 g5 43. hxg5+ hxg5 44. Kg2 g4 45. Kf2 Ke7 46. Kg2 Rc3 47. Kf2 Ra3 48. Kg2 Rb3 49.
Kf2 Rc3 50. Kg2 Rc4 0-1

[Event "*** Titled Tuesday Blitz"]
[Site "Chess.com"]
[Date "2020.05.05"]
[Round "8"]
[White "yarosavich"]
[Black "Trankuilizer"]
[Result "0-1"]
[WhiteElo "2703"]
[BlackElo "2556"]
[TimeControl "180+1"]
[EndTime "11:36:20 PDT"]
[Termination "Trankuilizer won by resignation"]

1. d4 d5 2. c4 e6 3. Nf3 Nf6 4. Nc3 Be7 5. Bf4 O-O 6. e3 Nbd7 7. cxd5 exd5 8. Bd3 c6 9. h3 Re8 10. Qc2 Nf8 11. Ne5 Bd6 12. O-O Qe7 13. Bh2 N6d7 14. Nxd7 Bxd7 15. Rae1 Bxh2+ 16. Kxh2 Rad8 17. Kg1 Qg5 18. f4 Qh6 19. Qf2 Ng6 20. f5 Nf8 21. f6 g6 22. Qg3 Ne6 23. b4 Bc8 24. a4 a6 25.
Kh2 Qf8 26. Rb1 Qd6 27. Qxd6 Rxd6 28. h4 Nf8 29. Rf3 Bg4 30. Rg3 h5 31. Rf1 Nd7 32. e4 dxe4 33. Nxe4 Rxd4 34. Ng5 Rxb4 35. Bxg6 Ne5 36.
Bf5 Bxf5 37. Rxf5 Rxh4+ 38. Nh3+ Ng4+ 39. Kg1 Re1+ 40. Rf1 Rxf1+ 41. Kxf1 Kf8 42. Ke2 Nxf6 43. Rf3 Nd5 44. Ng5 Rf4 45. Rh3 Rxa4 46. Rf3 Rf4 47. Rb3 Rf5 48. Nf3 b5 49. Nd4 Rf6 50. Ra3 c5 51.
Nf3 c4 52. Ne5 Re6 0-1

[Event "*** Titled Tuesday Blitz"]
[Site "Chess.com"]
[Date "2020.05.05"]
[Round "8"]
[White "ChesterF"]
[Black "Kislov_Oleg"]
[Result "0-1"]
[WhiteElo "2482"]
[BlackElo "2335"]
[TimeControl "180+1"]
[EndTime "11:36:20 PDT"]
[Termination "Kislov_Oleg won by resignation"]

1. d4 Nf6 2. c4 e6 3. Nc3 d5 4.
cxd5 exd5 5. Bg5 Be7 6. e3 c6 7.
Bd3 O-O 8. Qc2 h6 9. Bh4 Re8 10.
Nf3 Ne4 11. Bxe7 Qxe7 12. Bxe4 dxe4 13. Nd2 f5 14. O-O Be6 15. Rae1 Nd7 16. f3 exf3 17.
Nxf3 Qd6 18. Nh4 c5 19. Nxf5 Bxf5 20. Rxf5 cxd4 21. Rd5 Qf6 22. Rf1 Qb6 23. Rxd7 dxc3 24. Qxc3 Qg6 25. Rxb7 Rac8 26. Qb3+ Kh8 27. Rxa7 Rc2 28.
Rf2 Rxf2 29. Kxf2 Rf8+ 30. Ke2 Qxg2+ 31. Kd3 Rd8+ 32. Kc3 Qd2+ 33. Kc4 Qd5+ 34. Kc3 Qc5+ 35. Qc4 Qxa7 36. a3 Qxe3+ 37. Kb4 Rd4 38. Qxd4 Qxd4+ 39. Ka5 Qc5+ 40. Ka6 g5 41. b4 Qc6+ 42. Ka5 Qa8+ 43.
Kb5 Qxa3 44. Kc4 g4 45. b5 h5 46. b6 Qb2 47. Kc5 h4 48. Kc6 g3 49. hxg3 hxg3 50. b7 g2 51. b8=Q+ Qxb8 0-1

[Event "*** Titled Tuesday Blitz"]
[Site "Chess.com"]
[Date "2020.05.05"]
[Round "8"]
[White "Fighter008"]
[Black "VincentKeymer"]
[Result "0-1"]
[WhiteElo "2560"]
[BlackElo "2721"]
[TimeControl "180+1"]
[EndTime "11:36:22 PDT"]
[Termination "VincentKeymer won by resignation"]

1. e4 c6 2. d4 d5 3. e5 Bf5 4. Be3 e6 5. Nd2 h6 6. c3 Ne7 7. f4 Nd7 8. Ngf3 Rc8 9. Be2 c5 10. O-O Nc6 11. dxc5 Bxc5 12. Nd4 Bxd4 13. cxd4 Nb4 14. Bf2 O-O 15. a3 Bc2 16. Qe1 Nd3 17. Bxd3 Bxd3 18. Bh4 Qb6 19. Rf3 Bg6 20. Rb3 Qxd4+ 21.
Bf2 Qxf4 22. Rxb7 Nc5 23. Rxa7 Nd3 24. Qe3 Qxe3 25. Bxe3 Nxe5 26. a4 Rc2 27. b4 d4 28.
Bxd4 Nc6 29. Nf3 Nxa7 30. Bxa7 Ra8 31. Bc5 Be4 32. a5 Bb7 33. Bd6 Rd8 34. a6 Bxf3 35.
gxf3 Rxd6 36. a7 Rd8 37. a8=Q Rxa8 38. Rxa8+ Kh7 39. b5 Rb2 40. Rb8 g5 41. b6 Kg6 42.
b7 Kf5 43. Kf1 f6 44. Ke1 h5 45. h3 h4 46. Kd1 Kf4 47. Kc1 Rb6 48. Kc2 Kg3 49. Kd3 Kxh3 50. Ke3 Kg2 51. f4 Rb3+ 52. Ke4 h3 53. fxg5 fxg5 54. Rg8 Rxb7 55. Rxg5+ Kh2 56. Ke5 Rb5+ 0-1

[Event "*** Titled Tuesday Blitz"]
[Site "Chess.com"]
[Date "2020.05.05"]
[Round "8"]
[White "Shuvalov"]
[Black "MiroVlasenko"]
[Result "0-1"]
[WhiteElo "2448"]
[BlackElo "2583"]
[TimeControl "180+1"]
[EndTime "11:36:22 PDT"]
[Termination "MiroVlasenko won on time"]

1. Nf3 f5 2. d4 Nf6 3. g3 g6 4.
Bg2 Bg7 5. O-O O-O 6. c3 c6 7.
Nbd2 d6 8. Qb3+ Kh8 9. Ng5 d5 10. f3 Qe8 11. e4 h6 12. Nh3 g5 13. e5 Nh7 14. f4 e6 15. c4 b6 16. a4 Rg8 17. a5 b5 18. cxb5 cxb5 19. Qe3 Bf8 20. Nb3 Nc6 21. Bd2 Ne7 22. Nc5 Qh5 23. Rac1 Ng6 24.
Nd3 b4 25. Bxb4 Ba6 26. Bxf8 Ngxf8 27. Rfd1 Rb8 28. Nhf2 Bc4 29. Rd2 Qe8 30. Nc5 gxf4 31. Qxf4 Rg5 32. b3 Bb5 33. Rdc2 Ng6 34. Qd2 Qg8 35.
Nh3 Rg4 36. Bf3 Nh4 37. Bxg4 Qxg4 38. Qg2 Nxg2 39. Kxg2 Be2 40. Nf4 Bf3+ 41. Kf2 Ng5 42.
h4 Ne4+ 43. Nxe4 Bxe4 44. Rc8+ Rxc8 45. Rxc8+ Kh7 46. Rc7+ Kg8 47. Rc8+ Kf7 48. Rc7+ Ke8 49. Nxe6 Qf3+ 50. Ke1 Qxg3+ 51. Kd2 Qd3+ 52. Kc1 Qb1+ 53. Kd2 Qb2+ 54. Ke1 Qb1+ 55. Kd2 Qd3+ 56. Ke1 Qg3+ 57. Kd2 Qg6 58. Nf4 Qa6 0-1

[Event "*** Titled Tuesday Blitz"]
[Site "Chess.com"]
[Date "2020.05.05"]
[Round "8"]
[White "Poghosyan_Suren"]
[Black "Sven_Tica"]
[Result "1-0"]
[WhiteElo "2494"]
[BlackElo "2686"]
[TimeControl "180+1"]
[EndTime "11:36:23 PDT"]
[Termination "Poghosyan_Suren won by resignation"]

1. e4 c5 2. Nf3 Nf6 3. Nc3 d5 4.
exd5 Nxd5 5. Bb5+ Bd7 6. Ne5 Nf6 7. Nxd7 Nbxd7 8. O-O a6 9. Be2 Ne5 10. d3 e6 11. Bf4 Nc6 12. Ne4 Nd5 13. Bg3 Be7 14. Qd2 O-O 15. Rad1 f5 16. Nc3 Nd4 17. Be5 Bf6 18.
Bxf6 Qxf6 19. Nxd5 exd5 20. c3 Nxe2+ 21. Qxe2 d4 22. c4 Rae8 23. Qf3 Qf7 24. Rfe1 h6 25. h3 b5 26. b3 Qd7 27. Kf1 bxc4 28. bxc4 Kh8 29. Rxe8 Rxe8 30. Re1 Rb8 31. Qd5 Qxd5 32. cxd5 f4 33. Re6 Rd8 34. Rxa6 Rxd5 35. Rc6 g5 36. Ke2 Kg7 37. a4 h5 38. Kf3 Re5 39. a5 c4 40.
Rxc4 Rxa5 41. Rxd4 Kf6 42. h4 gxh4 43. Kxf4 Rf5+ 44.
Ke3 Kg5 45. Re4 Ra5 46. Re8 Ra1 47. Re5+ Kg4 48. Re4+ Kg5 49. d4 Ra3+ 50. Ke2 Ra2+ 51. Kf3 Ra3+ 52. Re3 Ra4 53. Rd3 Kf5 54. d5 Ra8 55. d6 Rd8 56. d7 Ke6 57. Kf4 Ke7 58. Kg5 Rg8+ 59. Kxh4 Kd8 60. g3 Rf8 61. f4 Rf5 62. Re3 Kxd7 63. Re5 Rf7 64. Kxh5 Rg7 1-0